 Dungeon Crawl Stone Soup version 0.32-a0-818-gb728d0252e (webtiles) character file.

Game seed: 9484594438821095072

44 porpoise the Caller (level 3, -6/19 HPs)
             Began as a Tengu Summoner on Mar 24, 2024.
             Mangled by a gnoll
             ... wielding a +0 halberd
              (10 damage)
             ... on level 2 of the Dungeon.
             The game lasted 00:03:04 (967 turns).

porpoise the Caller (Tengu Summoner)                 Turns: 967, Time: 00:03:04

Health: -6/19      AC:  2    Str:  8    XL:     3   Next: 62%
Magic:  4/8        EV: 11    Int: 17    God:
Gold:   44         SH:  0    Dex: 14    Spells: 1/7 levels left

rFire   . . .        a - +0 dagger
rCold   . . .        (no shield)
rNeg    . . .        d - +0 robe
rPois   .            (helmet restricted)
rElec   .            (no cloak)
rCorr   .            (no gloves)
SInv    .            (boots unavailable)
Will    .....        (no amulet)
Stlth   ++           (no ring)
HPRegen 0.23/turn    (no ring)
MPRegen 0.11/turn

%: acrobat
@: unable to call your familiar
A: beak, talons 3, acrobatic
a: no special abilities


You were on level 2 of the Dungeon.
You visited 1 branch of the dungeon, and saw 2 of its levels.

You collected 44 gold pieces.

Inventory:

Hand Weapons
 a - a +0 dagger (weapon)
 b - a +0 sling
Armour
 d - a +0 robe (worn)
Scrolls
 e - a scroll of noise {unknown}
 g - 3 scrolls of identify {unknown}
Potions
 c - 2 potions of magic
 f - a potion of ambrosia {unknown}
 h - a potion of attraction {unknown}


   Skills:
 - Level 2.1 Dodging
 - Level 2.0 Stealth
 + Level 2.9 Spellcasting
 + Level 5.6 Summonings


You had one spell level left.
You knew the following spells:

 Your Spells              Type           Power      Damage    Failure   Level
a - Summon Small Mammal   Summ           84%        N/A       1%          1
b - Call Imp              Summ           42%        N/A       2%          2
c - Call Canine Familiar  Summ           21%        N/A       5%          3

Your spell library contained the following spells:

 Spells                   Type           Power      Damage    Failure   Level
 Summon Blazeheart Golem  Fire/Summ      12%        N/A       50%         4
 Summon Lightning Spire   Summ/Air       12%        N/A       50%         4


Dungeon Overview and Level Annotations

Branches:
Dungeon (1/15)

Altars:

Annotations:
D:2 Terence


Innate Abilities, Weirdness & Mutations

You have a beak for a mouth.
You have claws for feet.
You can magically evade attacks while moving or waiting.


Message History

The gnoll is almost dead.
The gnoll hits you with a +0 club!
Your cerulean imp hits the gnoll but does no damage.
A gnoll comes into view. It is wielding a +0 halberd.
The gnoll closely misses you.
You barely miss the gnoll. You claw the gnoll.
You kill the gnoll!
Your cerulean imp hits the gnoll from afar with a -2 spear.
The gnoll closely misses you.
Your cerulean imp hits the gnoll from afar with a -2 spear.
The gnoll completely misses you.
Things that are here:
a +0 club; a gnoll corpse You hit the gnoll but do no damage.
You claw the gnoll.
The gnoll is severely wounded.
Your cerulean imp misses the gnoll.
The gnoll barely misses you.
You hit the gnoll but do no damage.
The gnoll is severely wounded.
Your cerulean imp barely misses the gnoll.
The gnoll hits you with a +0 halberd.
You hit the gnoll. You claw the gnoll.
You kill the gnoll!
The gnoll hits you from afar with a +0 halberd.
* * * LOW HITPOINT WARNING * * *
Your cerulean imp hits the gnoll but does no damage.
The gnoll completely misses you.
You completely miss the gnoll. You claw the gnoll, but do no damage.
You peck the gnoll, but do no damage.
Your cerulean imp hits the gnoll from afar with a -2 spear.
The gnoll closely misses you.
You hit the gnoll.
The gnoll is moderately wounded.
Your cerulean imp hits the gnoll from afar with a -2 spear.
The gnoll barely misses you.
You hit the gnoll but do no damage. You claw the gnoll.
The gnoll is severely wounded.
Your cerulean imp barely misses the gnoll.
The gnoll hits you with a +0 halberd!
Ouch! That really hurt!
You die...

######
#########....#
..........5..#
#.......g@)..#
#.####...)..##
#....#....#
...##.###.##
... .. #.# ..
... #.# . ##..
#.# ... #.#
#.#


You could see a gnoll (ally target) and a friendly cerulean imp (summoned).

Vanquished Creatures
  2 gnolls (D:2)
  4 goblins (D:1)
  A hobgoblin (D:1)
  2 kobolds (D:1)
9 creatures vanquished.

Vanquished Creatures (collateral kills)
  An adder (D:2)
  A dart slug (D:1)
  2 goblins (D:1)
  A ball python (D:1)
  A bat (D:1)
  A rat (D:1)
7 creatures vanquished.

Grand Total: 16 creatures vanquished

Notes
Turn   | Place    | Note
-------+----------+-------------------------------------------
     0 | D:1      | porpoise the Tengu Summoner began the quest for the Orb.
     0 | D:1      | Reached XP level 1. HP: 10/10 MP: 4/4
   162 | D:1      | Reached skill level 5 in Summonings
   174 | D:1      | Reached XP level 2. HP: 15/15 MP: 4/6
   373 | D:1      | Learned a level 2 spell: Call Imp
   635 | D:1      | You fall into a shaft and drop 1 floor!
   738 | D:2      | Noticed Terence
   799 | D:2      | Reached XP level 3. HP: 19/19 MP: 3/7
   835 | D:2      | Learned a level 3 spell: Call Canine Familiar
   967 | D:2      | Mangled by a gnoll

Illustrated notes

Levels and vault maps discovered:
D:1:      dpeg_arrival_simpleton_c, layout_basic
D:2:      layout_basic, chequers_serial_rivers_micro_d,
          minmay_misc_feat_nine_boxes, nrook_campfire, uniq_terence

Skill      XL: |  1 |
---------------+----+-----
Summonings     | 5 |  5.6
Dodging        | |  2.1
Stealth        | |  2.0
Spellcasting   | |  2.9

Action                     || total
---------------------------++-------
  Melee: Dagger            ||    14
         Kick              ||     8
         Peck              ||     1
   Fire: Sling             ||    14
   Cast: Summon Small Mamm ||     9
         Call Imp          ||     5
         Call Canine Famil ||     1
 Armour: Robe              ||    18
  Dodge: Dodged            ||    20

Table legend: (Time is in decaauts)
 A = Elapsed time spent in this place.
 B = Non-inter-level travel time spent in this place.
 C = Inter-level travel time spent in this place.
 D = Time resting spent in this place.
 E = Time spent auto-exploring this place.
 F = Levels seen in this place.
 G = Mean time per level.
                   A        B        C        D        E       F      G
               +--------+--------+--------+--------+--------+-----+--------+
         Total |    969 |    969 |      0 |    438 |    303 |   2 |  484.5 |
       Dungeon |    969 |    969 |      0 |    438 |    303 |   2 |  484.5 |
               +--------+--------+--------+--------+--------+-----+--------+

Top non-repeatable levels by time:
     D:1: 637 daAuts
     D:2: 331 daAuts
